 Dungeon Crawl Stone Soup version 0.26-a0-244-g083ca260ac (webtiles) character file.

Game seed: 9161805359250426518

269 Notrik the Shield-Bearer (level 6, -4/53 HPs)
             Began as a Gnoll Fighter on July 8, 2020.
             Killed by divine providence
             ... invoked by an orc priest
              (13 damage)
             ... on level 4 of the Dungeon.
             The game lasted 00:06:40 (2587 turns).

Notrik the Shield-Bearer (Gnoll Fighter)            Turns: 2587, Time: 00:06:40

Health: -4/53      AC: 10    Str: 21    XL:     6   Next: 22%
Magic:  8/8        EV:  9    Int: 10    God:
Gold:   175        SH: 11    Dex: 14    Spells: 8/8 levels left

rFire    . . .     SeeInvis .   a - +0 long sword
rCold    . . .     Faith    .   c - +0 kite shield
rNeg     . . .     Spirit   .   b - +0 scale mail
rPois    .         Reflect  .   m - +0 helmet
rElec    .         Harm     .   (no cloak)
rCorr    .                      f - +0 pair of gloves
MR       .....                  (no boots)
Stlth    +.........             (no amulet)
HPRegen  0.17/turn              (no ring)
MPRegen  0.11/turn              (no ring)

@: no status effects
A: distributed training, fangs 1, strong nose
a: no special abilities


You were on level 4 of the Dungeon.
You were not hungry.

You visited 1 branch of the dungeon, and saw 4 of its levels.

You collected 175 gold pieces.

Inventory:

Hand Weapons
 a - a +0 long sword (weapon)
Armour
 b - a +0 scale mail (worn)
 c - a +0 kite shield (worn)
 f - a +0 pair of gloves (worn)
   (You found it on level 1 of the Dungeon)
 m - a +0 helmet (worn)
   (You took it off Robin on level 2 of the Dungeon)
Jewellery
 q - an uncursed amulet of reflection {unknown}
   (You found it on level 3 of the Dungeon)
Scrolls
 h - a scroll of magic mapping {unknown}
 i - 2 scrolls of teleportation {unknown}
 k - 5 scrolls of identify {unknown}
 l - a scroll of fog {unknown}
 t - a scroll of remove curse {unknown}
Potions
 d - a potion of might
 g - 5 potions of lignification {unknown}
 j - 3 potions of curing {unknown}
 n - a potion of haste {@q3}
 o - a potion of flight {unknown}
 p - a potion of degeneration {unknown}
 r - a potion of ambrosia {unknown}
 s - a potion of heal wounds {unknown}
Comestibles
 e - 4 rations {!d}


   Skills:
 + Level 6.8 Fighting
 + Level 1.8 Short Blades
 + Level 4.9 Long Blades
 + Level 1.8 Axes
 + Level 1.8 Maces & Flails
 + Level 1.8 Polearms
 + Level 1.8 Staves
 + Level 1.8 Slings
 + Level 1.8 Bows
 + Level 1.8 Crossbows
 + Level 1.8 Throwing
 + Level 6.8 Armour
 + Level 1.8 Dodging
 + Level 1.8 Stealth
 + Level 6.8 Shields
 + Level 1.8 Unarmed Combat
 + Level 1.8 Spellcasting
 + Level 1.4 Conjurations
 + Level 1.4 Hexes
 + Level 1.4 Charms
 + Level 1.4 Summonings
 + Level 1.4 Necromancy
 + Level 1.4 Translocations
 + Level 1.4 Transmutations
 + Level 1.4 Fire Magic
 + Level 1.4 Ice Magic
 + Level 1.4 Air Magic
 + Level 1.4 Earth Magic
 + Level 1.4 Poison Magic
 + Level 2.0 Invocations
 + Level 1.8 Evocations


You had 8 spell levels left.
You didn't know any spells.
Your spell library contained the following spells:

 Spells                   Type           Power        Failure   Level
 Corona                   Hex            #......      77%         1
 Ensorcelled Hibernation  Hex/Ice        #.....       88%         2
 Confusing Touch          Hex            #.......     98%         3
 Dazzling Flash           Conj/Hex       #.....       98%         3
 Tukima's Dance           Hex            #.......     98%         3


Dungeon Overview and Level Annotations

Branches:
Dungeon (4/15)
 Temple: D:4-7

Altars:
Ashenzari
Fedhas
Makhleb
Uskayaw
Vehumet
Xom


Innate Abilities, Weirdness & Mutations

Your experience applies equally to all skills.
You have very sharp teeth.
Your uncanny sense of smell can sniff out nearby items.


Message History

You kill the worm!
Your Invocations skill increases to level 2!
g - 5 lumpy inky potions (gained 1)
Found a scroll labeled FUEKODULYH.
Found an escape hatch in the floor.
Found a scroll labeled OCVUTE KUFUAHE.
Found a scroll labeled WIUMOTRE LYTUR.
Found 2 scrolls labeled WIUMOTRE LYTUR and 24 stones.
t - a scroll labeled OCVUTE KUFUAHE
k - 5 scrolls labeled WIUMOTRE LYTUR (gained 2)
A bullfrog skeleton comes into view.
A bullfrog skeleton is nearby!
A bullfrog skeleton is nearby!
A bullfrog skeleton is nearby!
An orc priest comes into view. It is wielding a +0 flail.
You barely miss the bullfrog skeleton.
The bullfrog skeleton closely misses you.
The orc priest invokes the aid of Beogh against you.
Beogh smites you!
You hear a shout!
You slash the bullfrog skeleton!
You block the bullfrog skeleton's attack. x2
You slash the bullfrog skeleton! You bite the bullfrog skeleton.
The bullfrog skeleton closely misses you.
You barely miss the bullfrog skeleton. You bite the bullfrog skeleton.
You block the bullfrog skeleton's attack.
The bullfrog skeleton hits you but does no damage.
The orc priest invokes the aid of Beogh against you.
Beogh smites you!
You hit the bullfrog skeleton but do no damage.
You block the bullfrog skeleton's attack.
An orc comes into view. It is wielding a +0 club.
The orc shouts!
You slash the bullfrog skeleton!
You destroy the bullfrog skeleton!
You hit the orc priest.
An orc wizard comes into view. It is wielding a +0 dagger.
The orc priest invokes the aid of Beogh against you.
Beogh smites you!
* * * LOW HITPOINT WARNING * * *
The orc wizard shouts!
There are monsters nearby!
The orc wizard mumbles some strange words.
The orc wizard flickers and vanishes!
Deactivating autopickup; reactivate with Ctrl-A.
The orc priest calls down the wrath of Beogh upon you.
Pain shoots through your body!
* * * LOW HITPOINT WARNING * * *
The orc priest mumbles some strange prayers to Beogh against you.
Beogh smites you!
You die...

#.....(..#### #.#
####.######## #.#
#....†..# #...#
#.##.##.# #...... #
#.##.#########....##.
# #..#.##....(##.##.#
#. ##.#.##.....##. .#
#.###.#.##..#..##. .#
#?.....@##.....##. ..
##..>..........#
#.#..##.###..##
#.?.o##.# #..#
#.#.###.# ...#
#.o..##.# #.#
#........ ..∆
#......... ##
#...........


You could see an orc priest and an orc.

Vanquished Creatures
  A bullfrog (D:2)
  A bullfrog skeleton (D:4)
  A hound (D:3)
  Robin (D:2)
  3 adders (D:2)
  3 worms
  A dart slug (D:3)
  3 leopard geckos
  An orc (D:3)
  5 giant cockroaches
  10 hobgoblins
  7 jackals (D:1)
  4 kobolds
  3 quokkas
  A ball python (D:2)
  3 bats
  6 frilled lizards
  21 goblins
  A quokka skeleton (D:4)
  11 rats
  3 fungi (D:3)
90 creatures vanquished.

Notes
Turn   | Place    | Note
-------+----------+-------------------------------------------
     0 | D:1      | Notrik the Gnoll Fighter began the quest for the Orb.
     0 | D:1      | Reached XP level 1. HP: 23/23 MP: 1/1
   152 | D:1      | Reached XP level 2. HP: 13/29 MP: 2/2
   621 | D:1      | Reached XP level 3. HP: 33/35 MP: 3/3
  1038 | D:2      | Noticed Robin
  1112 | D:2      | Reached skill level 1 in Invocations
  1130 | D:2      | Found a shimmering altar of Xom.
  1207 | D:2      | Reached skill level 1 in Short Blades
  1207 | D:2      | Reached skill level 1 in Axes
  1207 | D:2      | Reached skill level 1 in Maces & Flails
  1207 | D:2      | Reached skill level 1 in Polearms
  1207 | D:2      | Reached skill level 1 in Staves
  1207 | D:2      | Reached skill level 1 in Slings
  1207 | D:2      | Reached skill level 1 in Bows
  1207 | D:2      | Reached skill level 1 in Crossbows
  1207 | D:2      | Reached skill level 1 in Throwing
  1207 | D:2      | Reached skill level 1 in Dodging
  1207 | D:2      | Reached skill level 1 in Stealth
  1207 | D:2      | Reached skill level 1 in Unarmed Combat
  1207 | D:2      | Reached skill level 1 in Spellcasting
  1207 | D:2      | Reached skill level 1 in Evocations
  1291 | D:2      | Reached XP level 4. HP: 40/41 MP: 5/5
  1330 | D:2      | Noticed a bullfrog
  1337 | D:2      | Killed a bullfrog
  1337 | D:2      | Reached skill level 1 in Conjurations
  1337 | D:2      | Reached skill level 1 in Hexes
  1337 | D:2      | Reached skill level 1 in Charms
  1337 | D:2      | Reached skill level 1 in Summonings
  1337 | D:2      | Reached skill level 1 in Necromancy
  1337 | D:2      | Reached skill level 1 in Translocations
  1337 | D:2      | Reached skill level 1 in Transmutations
  1337 | D:2      | Reached skill level 1 in Fire Magic
  1337 | D:2      | Reached skill level 1 in Ice Magic
  1337 | D:2      | Reached skill level 1 in Air Magic
  1337 | D:2      | Reached skill level 1 in Earth Magic
  1337 | D:2      | Reached skill level 1 in Poison Magic
  1337 | D:2      | Reached XP level 5. HP: 46/47 MP: 6/6
  1370 | D:2      | Killed Robin
  2002 | D:3      | Found a burning altar of Makhleb.
  2107 | D:3      | Found a faded altar of an unknown god.
  2151 | D:3      | Reached XP level 6. HP: 53/53 MP: 8/8
  2159 | D:3      | Found a blossoming altar of Fedhas.
  2352 | D:3      | Found a hide-covered altar of Uskayaw.
  2353 | D:3      | Noticed a -2 hand axe
  2353 | D:3      | Noticed a -1 dagger
  2479 | D:3      | Found a radiant altar of Vehumet.
  2479 | D:3      | Found a shattered altar of Ashenzari.
  2587 | D:4      | Killed from afar by an orc priest

Illustrated notes

Levels and vault maps discovered:
D:1:      dpeg_arrival_tiny_f, layout_basic
D:2:      layout_basic, old_standard_altar, uniq_robin
D:3:      layout_loops_cross, dancing_weapons_uskayaw,
          makhleb_blood_cavern_becter, minitemple,
          chequers_ecumenical_altar_simple, first_ration, fedhas_altar_3
D:4:      layout_loops_cross, grunt_qazlal_sundering, uniq_grinder,
          uniq_eustachio

Skill      XL: |  1  2  3  4  5  6 |
---------------+-------------------+-----
Invocations    | 1 2 |  2.0
Short Blades   | 1 |  1.8
Axes           | 1 |  1.8
Maces & Flails | 1 |  1.8
Polearms       | 1 |  1.8
Staves         | 1 |  1.8
Slings         | 1 |  1.8
Bows           | 1 |  1.8
Crossbows      | 1 |  1.8
Throwing       | 1 |  1.8
Dodging        | 1 |  1.8
Stealth        | 1 |  1.8
Unarmed Combat | 1 |  1.8
Spellcasting   | 1 |  1.8
Evocations     | 1 |  1.8
Conjurations   | 1 |  1.4
Hexes          | 1 |  1.4
Charms         | 1 |  1.4
Summonings     | 1 |  1.4
Necromancy     | 1 |  1.4
Translocations | 1 |  1.4
Transmutations | 1 |  1.4
Fire Magic     | 1 |  1.4
Ice Magic      | 1 |  1.4
Air Magic      | 1 |  1.4
Earth Magic    | 1 |  1.4
Poison Magic   | 1 |  1.4
Fighting       | |  6.8
Long Blades    | |  4.9
Armour         | |  6.8
Shields        | |  6.8

Action                   |  1- 3 |  4- 6 || total
-------------------------+-------+-------++-------
Melee: Long sword        |   115 |   151 ||   266
       Bite              |     8 |    24 ||    32
  Eat: Ration            |     1 |     1 ||     2
Armor: Scale mail        |    54 |    49 ||   103
Dodge: Dodged            |    43 |    39 ||    82
Block: Kite shield       |    71 |    69 ||   140
       Rpst.: Long sword |    15 |    12 ||    27

Table legend:
 A = Non-vault XP
 B = Vault XP
 C = Vault XP percentage of total XP
 D = Non-vault monster count
 E = Vault monster count
 F = Vault count percentage of total count
                 A         B        C        D         E       F
            +---------+---------+-------+---------+---------+-------
      Total |     304 |      81 |  21.0 |      73 |      14 |  16.1
            +---------+---------+-------+---------+---------+-------
        D:1 |      49 |       0 |   0.0 |      31 |       0 |   0.0
        D:2 |     171 |      39 |  18.6 |      24 |      13 |  35.1
        D:3 |      31 |      42 |  57.5 |      14 |       1 |   6.7
        D:4 |      53 |       0 |   0.0 |       4 |       0 |   0.0
            +---------+---------+-------+---------+---------+-------
